 Dungeon Crawl Stone Soup version 0.27.1-2-g3b301248ec (webtiles) character file.

Game seed: 16742982118420112456

89 ABBCCCDDDD the Skirmisher (level 4, 0/32 HPs)
             Began as an Octopode Abyssal Knight on Sept 28, 2021.
             Was a Believer of Lugonu.
             Slain by Edmund (3 damage)
             ... on level 4 of the Dungeon.
             The game lasted 00:04:17 (4122 turns).

ABBCCCDDDD the Skirmisher (Octopode Abyssal Knight) Turns: 4122, Time: 00:04:17

Health: 0/32       AC:  1    Str: 11    XL:     4   Next: 55%
Magic:  6/6        EV: 13    Int: 15    God:    Lugonu [**....]
Gold:   133        SH:  0    Dex: 15    Spells: 3/3 levels left

rFire    + . .     SeeInvis +     - Unarmed
rCold    . . .     Faith    .   (no shield)
rNeg     + . .     Spirit   .   (helmet restricted)
rPois    .         Reflect  .   (no amulet)
rElec    +         Harm     .   a - ring of see invisible
rCorr    .         Rampage  .   l - ring of protection from fire
Will     .....                  d - ring "Tasoyfum" {rElec rN+ Dex+4}
Stlth    ++........             (no ring)
HPRegen  0.10/turn              (no ring)
MPRegen  0.10/turn              (no ring)
                                (no ring)
                                (no ring)

@: no status effects
A: almost no armour, amphibious, 8 rings, camouflage 1, gelatinous body 1,
(nimble swimmer 1), tentacles
a: Renounce Religion, Depart the Abyss, Bend Space


You were on level 4 of the Dungeon.
You worshipped Lugonu.
Lugonu was pleased with you.
You visited 1 branch of the dungeon, and saw 4 of its levels.
You visited the Abyss 1 time.

You collected 133 gold pieces.

Inventory:

Jewellery
 a - a ring of see invisible (left tentacle)
 d - the ring "Tasoyfum" (on tentacle) {rElec rN+ Dex+4}
   (You acquired it on level 3 of the Dungeon)

   [ring of positive energy]

   Dex:       It affects your dexterity (+4).
   rElec:     It insulates you from electricity.
   rN:        It protects you from negative energy.
 j - an amulet of faith
 l - a ring of protection from fire (right tentacle)
Wands
 h - a wand of polymorph (11)
Scrolls
 b - 2 scrolls of teleportation
 e - a scroll of amnesia
 k - a scroll of enchant armour
 m - a scroll of vulnerability
Potions
 c - a potion of attraction {unknown}
 f - a potion of flight {unknown}
 g - a potion of lignification {unknown}
 i - 3 potions of berserk rage {unknown}


   Skills:
 + Level 3.6 Fighting
 - Level 2.3 Dodging
 * Level 3.5 Unarmed Combat
 + Level 3.0 Invocations


You had 3 spell levels left.
You didn't know any spells.
Your spell library contained the following spells:

 Spells                   Type           Power      Damage    Failure   Level
 Animate Skeleton         Necr           0%         N/A       26%         1
 Pain                     Necr           0%         1d4       26%         1
 Gell's Gravitas          Tloc           0%         N/A       63%         3
 Lesser Beckoning         Tloc           0%         N/A       63%         3
 Teleport Other           Tloc           0%         N/A       63%         3
 Vampiric Draining        Necr           0%         2d6       63%         3


Dungeon Overview and Level Annotations

Branches:
Dungeon (4/15)             Temple (0/1) D:4

Altars:
Gozag

Shops:
D:3 (

Annotations:
D:4 1 transporter, Edmund


Innate Abilities, Weirdness & Mutations

You cannot wear most types of armour.
You are amphibious.
You can wear up to eight rings at the same time.
Your skin changes colour to match your surroundings (Stealth+).
Your rubbery body absorbs attacks. (AC +1, EV +1)
((You are camouflaged near water. (Stealth+)))
You have tentacles for arms and can constrict up to eight enemies at once.


Message History

As you read the scroll of identify, it crumbles to dust.
m - a scroll of vulnerability This is a scroll of acquirement!
Something appears before you!
d - the ring "Tasoyfum" {rElec rN+ Dex+4} You feel agile.
d - the ring "Tasoyfum" (on tentacle) {rElec rN+ Dex+4} You climb downwards.
There is a stone staircase leading up here.
A hobgoblin comes into view.
A hobgoblin is nearby!
The hobgoblin shouts!
You closely miss the hobgoblin. You grab the hobgoblin.
You constrict the hobgoblin, but do no damage.
You tentacle-slap the hobgoblin. You squeeze the hobgoblin.
You kill the hobgoblin!
Lugonu accepts your kill.
No target in view!
Found a curved jewelled staff.
Found a transporter.
Found 15 gold pieces.
Found 32 gold pieces.
Found 5 gold pieces.
You now have 133 gold pieces (gained 5).
Found a staircase to the Ecumenical Temple.
Edmund the Younger comes into view.
He is wielding a +7 vorpal dire flail.
The helpless Edmund fails to defend himself.
You tentacle-slap Edmund. You grab Edmund.
Edmund is lightly wounded.
You constrict Edmund.
Edmund hits you with a +7 vorpal dire flail!
You tentacle-slap Edmund but do no damage.
Edmund is lightly wounded.
You constrict Edmund. You tentacle-slap Edmund. You squeeze Edmund.
Edmund is moderately wounded.
You constrict Edmund.
Edmund hits you with a +7 vorpal dire flail!
Ouch! That really hurt!
* * * LOW HITPOINT WARNING * * *
You die...

..... .... ...
..###### ......
#...# .##
##.⌠.## ..#
##.....# ..#
#.@#.#..##..#
#...@##.##.....#
#...##...##...#
#.⌠....>....⌠.#
#....##...##...#
#°
#.....##.##....#
#. #..
#..#.#..##.# #°
#.. #.....##..#
#○ ##.⌠.##...#


Z You could see Edmund.

Levels and vault maps discovered:
D:1:      scummos_arrival_simple_crosswalls, layout_basic, serial_bayou_lake_a
D:2:      wander_river, layout_rooms, basic_altar
D:3:      layout_basic, serial_shops, nicolae_diamond_shop,
          minmay_stone_trees_medium, hangedman_decor_points,
          small_statue_intersection
D:4:      gammafunk_cloud_chamber, layout_basic, minmay_temple_entry_waves,
          uniq_blork_the_orc, uniq_grinder, uniq_duvessa, uniq_edmund

Notes
Turn   | Place    | Note
-------+----------+-------------------------------------------
     0 | Abyss:1  | ABBCCCDDDD the Octopode Abyssal Knight began the quest for
                  | the Orb.
     0 | Abyss:1  | Reached XP level 1. HP: 16/16 MP: 2/2
    89 | Abyss:1  | Noticed an apocalypse crab
   133 | Abyss:3  | Found a corrupted altar of Lugonu.
   159 | Abyss:3  | Noticed a thrashing horror
   160 | Abyss:3  | Noticed a thrashing horror
   160 | Abyss:3  | Noticed a thrashing horror
   163 | Abyss:3  | Noticed a thrashing horror
   195 | Abyss:4  | Noticed a raiju
   195 | Abyss:4  | Noticed a raiju
   195 | Abyss:4  | Noticed a raiju
   421 | Abyss:4  | Killed a small abomination
   468 | Abyss:4  | Killed a large abomination
   563 | D:1      | Escaped the Abyss
   791 | D:1      | Reached * piety under Lugonu
   830 | D:1      | Reached XP level 2. HP: 17/21 MP: 3/3
  1725 | D:1      | Reached XP level 3. HP: 22/26 MP: 4/4
  2092 | D:2      | Found an opulent altar of Gozag.
  2640 | D:3      | Reached ** piety under Lugonu
  2719 | D:3      | Found Votoc's Weapon Shoppe.
  2971 | D:3      | Reached XP level 4. HP: 23/31 MP: 6/6
  4003 | D:3      | Identified a scroll of acquirement
  4003 | D:3      | Acquired the ring "Tasoyfum" {rElec rN+ Dex+4}
  4065 | D:4      | Found a transporter.
  4101 | D:4      | Found a staircase to the Ecumenical Temple.
  4117 | D:4      | Noticed Edmund
  4122 | D:4      | Slain by Edmund

Table legend: (Time is in decaauts)
 A = Elapsed time spent in this place.
 B = Non-inter-level travel time spent in this place.
 C = Inter-level travel time spent in this place.
 D = Time resting spent in this place.
 E = Time spent auto-exploring this place.
 F = Levels seen in this place.
 G = Mean time per level.
                   A        B        C        D        E       F      G
               +--------+--------+--------+--------+--------+-----+--------+
         Total |   4112 |   4035 |     77 |    379 |   3005 |   8 |  514.0 |
       Dungeon |   3550 |   3473 |     77 |     16 |   2910 |   4 |  887.5 |
         Abyss |    561 |    561 |      0 |    363 |     95 |   4 |  140.2 |
               +--------+--------+--------+--------+--------+-----+--------+

Top non-repeatable levels by time:
     D:3: 1368 daAuts
     D:1: 1231 daAuts
     D:2: 836 daAuts
 Abyss:4: 387 daAuts
     D:4: 114 daAuts
 Abyss:1: 93 daAuts
 Abyss:3: 52 daAuts
 Abyss:2: 28 daAuts

Table legend:
 A = Kills in this place as a percentage of kills in entire the game.
 B = Kills by you in this place as a percentage of kills by you in the entire game.
 C = Kills by friends in this place as a percentage of kills by friends in the entire game.
 D = Other kills in this place as a percentage of other kills in the entire game.
 E = Experience gained in this place as a percentage of experience gained in the entire game.
 F = Experience gained in this place divided by the number of levels of this place that you have seen.
                   A       B       C       D       E      F
               +-------+-------+-------+-------+-------+----------------------
         Total | 100.0 | 100.0 |   N/A |   N/A | 100.0 |  16.0
       Dungeon | 100.0 | 100.0 |   N/A |   N/A | 100.0 |  32.0
               +-------+-------+-------+-------+-------+----------------------

Action                   |  1- 3 |  4- 6 || total
-------------------------+-------+-------++-------
Melee: Unarmed           |   100 |    40 ||   140
       Constrict         |    28 |    10 ||    38
       Tentacles         |    16 |     5 ||    21
Invok: Depart the Abyss  |     1 |       ||     1
  Use: Scroll            |     4 |     4 ||     8
 Stab: Sleeping          |     9 |     2 ||    11
Armor: Skin              |     3 |     1 ||     4
Dodge: Dodged            |    53 |    16 ||    69

Vanquished Creatures
  2 adders (D:3)
  7 orcs (D:3)
  5 ball pythons
  A bat (D:3)
  7 endoplasms
  2 giant cockroaches (D:3)
  4 goblins
  8 hobgoblins
  3 jackals (D:1)
  A quokka (D:3)
  6 frilled lizards
  9 kobolds
  3 rats
58 creatures vanquished.

Vanquished Creatures (others)
  A large abomination (Abyss:4)
  A small abomination (Abyss:4)
  2 lurking horrors (Abyss:4)
4 creatures vanquished.

Grand Total: 62 creatures vanquished
